 Dungeon Crawl Stone Soup version 0.31-a0-75-g6fe912e8c5 (webtiles) character file.

Game seed: 8018188823899924269

19086 greasedhog the Grappler (level 12, -9/115 (122) HPs)
             Began as a Troll Fighter on May 24, 2023.
             Was a High Priest of Wu Jian.
             Killed by divine providence
             ... invoked by an orc priest
             ... led by an orc knight
              (13 damage)
             ... while paralysed by an orc sorcerer
             ... on level 1 of the Orcish Mines.
             The game lasted 00:18:07 (9867 turns).

greasedhog the Grappler (Troll Fighter)             Turns: 9867, Time: 00:18:08

HP:   -9/115 (122)  AC: 13    Str: 27    XL:     12   Next: 33%
MP:   11/11         EV:  1    Int:  8    God:    Wu Jian [*****.]
Gold: 934           SH:  0    Dex:  9    Spells: 11/11 levels left

rFire   . .          .
                       - Unarmed
rCold   . . .        b - +0 kite shield
rNeg    . . .        u - +2 steam dragon scales
rPois   .            (helmet restricted)
rElec   .            D - scarf {repulsion}
rCorr   .            (gloves unavailable)
SInv    .            (boots unavailable)
Will    .....        (no amulet)
Stlth   +            x - +4 ring of protection
HPRegen 1.19/turn    (no ring)
MPRegen 0.12/turn

%: repel missiles
@: paralysed, spiked, drained
A: large, unfitting armour, claws 3, regeneration 1, shaggy fur 1, tough skin 1
a: Renounce Religion, Wall Jump, Serpent's Lash, Heavenly Storm


You were on level 1 of the Orcish Mines.
You worshipped Wu Jian.
Wu Jian was extremely pleased with you.
You visited 3 branches of the dungeon, and saw 13 of its levels.
You also visited: Ossuary and Bailey.

You collected 1066 gold pieces.
You spent 132 gold pieces at shops.

Inventory:

Missiles
 r - a curare-tipped dart
 z - 11 throwing nets (quivered)
Armour
 b - a +0 kite shield (worn)
 u - +2 steam dragon scales (worn)
 D - a scarf of repulsion (worn)
Jewellery
 s - a ring of ice
 x - a +4 ring of protection (left claw)
 E - a +6 ring of intelligence
Wands
 a - a wand of flame (25)
 m - a wand of quicksilver (18)
 n - a wand of iceblast (9)
 o - a wand of charming (23)
Scrolls
 e - 2 scrolls of fear
 g - 3 scrolls of teleportation
 i - 2 scrolls of amnesia
 q - 2 scrolls of enchant weapon
 y - 3 scrolls of fog
 A - 2 scrolls of poison
 B - 2 scrolls of magic mapping
 C - a scroll of blinking {unknown}
Potions
 c - 3 potions of might
 d - 5 potions of curing
 f - 4 potions of haste
 h - 3 potions of lignification
 j - 4 potions of attraction
 k - 4 potions of heal wounds
 l - a potion of brilliance
 p - a potion of invisibility
 v - a potion of enlightenment {unknown}
 w - a potion of cancellation {unknown}


   Skills:
 + Level 8.5 Fighting
 + Level 6.8 Dodging
 + Level 9.3 Shields
 * Level 13.7 Unarmed Combat


You had 11 spell levels left.
You didn't know any spells.
Your spell library contained the following spells:

 Spells                   Type           Power      Damage    Failure   Level
 Apportation              Tloc           0%         N/A       58%         1
 Necrotise                Necr           0%         1d4       58%         1
 Summon Small Mammal      Summ           0%         N/A       58%         1
 Blink                    Tloc           0%         N/A       73%         2
 Lesser Beckoning         Tloc           0%         N/A       73%         2
 Momentum Strike          Conj/Tloc      0%         3d8       73%         2
 Leda's Liquefaction      Hex/Erth       0%         N/A       100%        4
 Passage of Golubria      Tloc           0%         N/A       100%        4
 Lee's Rapid Deconstruct  Erth           0%         3d4*      100%        5
 Silence                  Hex/Air        0%         N/A       100%        5
 Statue Form              Tmut/Erth      0%         N/A       100%        6
 Lehudib's Crystal Spear  Conj/Erth      0%         10d2      100%        8


Dungeon Overview and Level Annotations

Branches:
Dungeon (11/15)            Temple (1/1) D:6            Lair (0/5) D:11
    Orc (1/2) D:11        Ossuary (visited)          Bailey (visited)

Altars:
Ashenzari
Cheibriados
Dithmenos
Elyvilon
Fedhas
Gozag
Hepliaklqana
Kikubaaqudgha
Makhleb
Nemelex Xobeh
Okawaru
Qazlal
Ru
Sif Muna
Trog
Uskayaw
Vehumet
Wu Jian
Xom
Yredelemnul
Zin
The Shining One

Shops:
D:2 [   D:4 :   D:8 [

Portals:
Trove: D:11 (give 6 potions of haste)


Innate Abilities, Weirdness & Mutations

You are too large for most types of armour.
You have claws for hands.
Your natural rate of healing is unusually fast.
You are covered in fur. (AC +1)
You have tough skin. (AC +1)


Message History

Barbed spikes become lodged in your body.
The red devil freezes you.
Unknown command.
You scratch the orc sorcerer.
The orc sorcerer is heavily wounded.
The orc sorcerer hits you but does no damage.
An orc warrior comes into view. It is wielding a +0 halberd.
The orc priest calls upon Beogh to heal the orc sorcerer.
The orc sorcerer is healed somewhat.
The red devil hits you with a +2 demon trident of freezing!
Barbed spikes become lodged in your body.
The red devil freezes you.
You closely miss the orc sorcerer.
The orc sorcerer is moderately wounded.
The orc sorcerer hits you but does no damage.
The orc priest hits you with a +0 hand axe.
The red devil hits you with a +2 demon trident of freezing.
Barbed spikes become lodged in your body.
The red devil freezes you.
You scratch the orc sorcerer but do no damage.
The orc sorcerer is moderately wounded.
You block the orc warrior's attack. You block the orc priest's attack.
The orc sorcerer casts a spell at you. The bolt of negative energy hits you!!
You feel drained.
* * * LOW HITPOINT WARNING * * *
Unknown command.
You miss the orc sorcerer.
The orc sorcerer is moderately wounded.
The red devil hits you with a +2 demon trident of freezing!
* * * LOW HITPOINT WARNING * * *
Barbed spikes become lodged in your body.
The red devil freezes you.
* * * LOW HITPOINT WARNING * * *
The orc warrior hits you from afar with a +0 halberd!
* * * LOW HITPOINT WARNING * * *
The orc sorcerer gestures at you while chanting.
You suddenly lose the ability to move!
The orc priest calls down the wrath of Beogh upon you.
Beogh smites you!
You die...

### ##......##
##.###...#....###
#........##.....#
##......###...###
####.#...#....#
#.#####....#### ...
####.o# ##..##
..###..T4o####.###
#.o.....#@o.#...#
#.......#.......## .
#.....###o.......#
...##.....#......#.##
#...T...#..#..#.####
.#.........##
##.##...### #<####..#
#......# #.##


You could see a troll, an orc sorcerer, a red devil (summoned), an orc warrior,
an orc priest and an orc.

Vanquished Creatures
  A centaur warrior (D:11)
  5 two-headed ogres
  A tengu warrior (D:11)
  Urug (D:10)
  3 ugly things (D:11)
  An elephant (D:11)
  2 gargoyles (D:11)
  Maggie (D:6)
  A yaktaur (D:11)
  3 trolls
  A hornet (D:8)
  Sigmund (D:4)
  A wraith (D:11)
  2 wyverns
  3 vampires (D:11)
  2 basilisks (D:11)
  A steam dragon (D:7)
  20 yaks
  Grum (Bailey)
  4 vampire mosquitoes (D:11)
  An acid dragon (D:9)
  Duvessa (D:6)
  4 sky beasts
  An ice beast (D:7)
  2 black bears
  6 orc warriors
  An ogre (D:6)
  3 centaurs
  4 wolves (Bailey)
  6 kobold brigands
  A phantom (D:5)
  3 elf zombies (Ossuary)
  A bullfrog (D:7)
  9 gnoll sergeants
  2 scorpions
  A wight (D:9)
  Dowan (D:6)
  15 killer bees (D:8)
  9 howler monkeys
  2 centaur zombies (Ossuary)
  9 hounds
  2 jellies
  Crazy Yiuf (D:6)
  2 orc priests (D:8)
  6 gnoll boudas
  A sleepcap (D:7)
  2 iguanas (D:5)
  Ijyb (D:4)
  10 orc wizards
  2 hound zombies (Ossuary)
  3 mummies (Ossuary)
  19 gnolls
  3 adders
  A shadow imp (D:6)
  A white imp (D:5)
  2 adder zombies (Ossuary)
  2 worms
  2 dart slugs (D:3)
  28 orcs
  4 ball pythons
  6 bats
  5 endoplasms
  6 giant cockroaches
  A gnoll zombie (Ossuary)
  7 goblins
  8 hobgoblins
  3 jackals (D:4)
  7 quokkas
  3 frilled lizards
  3 goblin zombies (Ossuary)
  8 hobgoblin zombies (Ossuary)
  2 jackal zombies (Ossuary)
  32 kobolds
  2 kobold zombies (Ossuary)
  2 orc zombies (Ossuary)
  4 quokka zombies (Ossuary)
  6 rats
  2 rat zombies (Ossuary)
336 creatures vanquished.

Vanquished Creatures (others)
  An unseen horror (D:11)
  An orc wizard (D:11)
  An orc (D:8)
3 creatures vanquished.

Grand Total: 339 creatures vanquished

Notes
Turn   | Place    | Note
-------+----------+-------------------------------------------
     0 | D:1      | greasedhog the Troll Fighter began the quest for the Orb.
     0 | D:1      | Reached XP level 1. HP: 22/22 MP: 0/0
   125 | D:1      | You fall into a shaft and drop 1 floor!
   133 | D:2      | Reached XP level 2. HP: 29/29 MP: 1/1
   187 | D:2      | Identified the +1 leather armour "Koutyoma" {Fly rN+ Str+2}
   192 | D:2      | Found Ceigi's Armour Shoppe.
   359 | D:1      | Reached XP level 3. HP: 36/36 MP: 2/2
   692 | D:1      | Reached skill level 3 in Unarmed Combat
  1024 | D:2      | Reached XP level 4. HP: 9/44 MP: 3/3
  1760 | D:3      | Found a faded altar of an unknown god.
  1930 | D:3      | Found a shimmering altar of Xom.
  1931 | D:3      | Found a hazy altar of Hepliaklqana.
  1932 | D:3      | Noticed a spectral ugly thing
  1967 | D:3      | Found a sacrificial altar of Ru.
  2075 | D:4      | Reached skill level 4 in Unarmed Combat
  2075 | D:4      | Reached XP level 5. HP: 53/53 MP: 4/4
  2075 | D:4      | Found a bloodstained altar of Trog.
  2086 | D:4      | Noticed Ijyb
  2171 | D:4      | Killed Ijyb
  2181 | D:4      | Identified the +1 ring mail of Xuas {Str+2}
  2265 | D:4      | Noticed Sigmund
  2272 | D:4      | Killed Sigmund
  2273 | D:4      | Reached skill level 5 in Unarmed Combat
  2273 | D:4      | Reached XP level 6. HP: 46/61 MP: 5/5
  2534 | D:4      | Noticed a walking divine tome
  2543 | D:4      | Reached XP level 7. HP: 63/68 MP: 6/6
  2549 | D:4      | Found Imaw's Book Shop.
  2551 | D:4      | Noticed a walking crystal tome
  2623 | D:5      | Entered Level 5 of the Dungeon
  2645 | D:5      | Reached skill level 6 in Unarmed Combat
  2706 | D:5      | Found a glowing silver altar of Zin.
  2876 | D:5      | Found an opulent altar of Gozag.
  2983 | D:5      | Found a glowing golden altar of the Shining One.
  2983 | D:5      | Found a white marble altar of Elyvilon.
  3149 | D:6      | Found a snail-covered altar of Cheibriados.
  3254 | D:6      | Found a staircase to the Ecumenical Temple.
  3265 | D:6      | Noticed a yak
  3265 | D:6      | Noticed a yak
  3269 | D:6      | Noticed a yak
  3273 | Temple   | Entered the Ecumenical Temple
  3277 | Temple   | Killed a yak
  3278 | Temple   | Reached skill level 5 in Shields
  3278 | Temple   | Reached skill level 7 in Unarmed Combat
  3278 | Temple   | Reached XP level 8. HP: 64/79 MP: 7/7
  3452 | Temple   | Became a worshipper of the Wu Jian Council
  3464 | D:6      | Noticed Dowan
  3478 | D:6      | Killed Dowan
  3483 | D:6      | Reached skill level 5 in Fighting
  3622 | D:6      | Noticed Maggie
  3632 | D:6      | Killed Maggie
  3633 | D:6      | Reached skill level 8 in Unarmed Combat
  3653 | D:6      | Noticed Duvessa
  3664 | D:6      | Killed Duvessa
  3798 | D:6      | Found a runed translucent door.
  3799 | D:6      | Noticed Crazy Yiuf
  4000 | D:6      | Killed Crazy Yiuf
  4045 | D:7      | Reached XP level 9. HP: 85/88 MP: 8/8
  4111 | D:7      | Reached skill level 9 in Unarmed Combat
  4233 | D:7      | Found a sand-covered staircase.
  4247 | Ossuary  | Entered an ossuary
  4274 | Ossuary  | Reached * piety under Wu Jian
  4466 | Ossuary  | Reached ** piety under Wu Jian
  4578 | D:7      | Found a shimmering blue altar of Sif Muna.
  4578 | D:7      | Found a radiant altar of Vehumet.
  4976 | D:2      | Bought a scarf of repulsion for 132 gold pieces
  5260 | D:8      | Reached skill level 10 in Unarmed Combat
  5289 | D:8      | Paralysed by a hornet for 3 turns
  5294 | D:8      | Paralysed by a hornet for 2 turns
  5305 | D:8      | Reached XP level 10. HP: 42/100 MP: 9/9
  5338 | D:8      | Found a flagged portal.
  5349 | D:8      | Identified the +6 broad axe of the Several Bones {venom,
                  | rF+}
  5362 | Bailey   | Entered a bailey
  5366 | Bailey   | Reached *** piety under Wu Jian
  5551 | Bailey   | Noticed Grum
  5573 | Bailey   | Killed Grum
  5858 | D:8      | Found Ymnuuro's Antique Armour Emporium.
  6185 | D:8      | Reached **** piety under Wu Jian
  6297 | D:8      | Found a hide-covered altar of Uskayaw.
  6323 | D:8      | Reached skill level 11 in Unarmed Combat
  6502 | D:9      | Found a shadowy altar of Dithmenos.
  6735 | D:9      | Reached skill level 5 in Dodging
  6880 | D:9      | Reached XP level 11. HP: 97/109 MP: 10/10
  7127 | D:9      | Found a blossoming altar of Fedhas.
  7516 | D:10     | Entered Level 10 of the Dungeon
  7521 | D:10     | Noticed a two-headed ogre
  7543 | D:9      | Killed a two-headed ogre
  7627 | D:10     | Reached skill level 12 in Unarmed Combat
  7702 | D:10     | Noticed a two-headed ogre
  7703 | D:10     | Noticed Urug
  7731 | D:9      | Killed a two-headed ogre
  7773 | D:10     | Killed Urug
  8219 | D:11     | Noticed a two-headed ogre
  8228 | D:11     | Noticed a two-headed ogre
  8235 | D:11     | Killed a two-headed ogre
  8242 | D:11     | Killed a two-headed ogre
  8259 | D:11     | Noticed a white ugly thing
  8335 | D:11     | Noticed a white ugly thing
  8341 | D:11     | Killed a white ugly thing
  8344 | D:11     | Reached ***** piety under Wu Jian
  8352 | D:11     | Killed a white ugly thing
  8357 | D:11     | Reached skill level 13 in Unarmed Combat
  8504 | D:11     | Found a staircase to the Lair.
  8504 | D:11     | Noticed a two-headed ogre
  8529 | D:11     | Killed a two-headed ogre
  8532 | D:11     | Reached XP level 12. HP: 75/120 MP: 11/11
  8658 | D:11     | Found a staircase to the Orcish Mines.
  9075 | D:11     | Found a portal to a secret trove of treasure.
  9230 | D:11     | Noticed a centaur warrior
  9401 | D:11     | Noticed a tengu warrior
  9421 | D:11     | Killed a tengu warrior
  9433 | D:11     | Killed a centaur warrior
  9796 | Orc:1    | Entered Level 1 of the Orcish Mines
  9867 | Orc:1    | HP: 4/115 [orc warrior/+0 halberd (8)]
  9867 | Orc:1    | Paralysed by an orc sorcerer for 4 turns
  9867 | Orc:1    | Killed from afar by an orc priest

Illustrated notes

Levels and vault maps discovered:
D:1:      scummos_arrival_star, layout_basic, kennysheep_another_room,
          st_stairs_12, minmay_tetromino_o4
D:2:      layout_loops_ring, serial_shops, shop
D:3:      layout_rooms, regret_index_temple_of_mockery,
          nicolae_ru_the_path_less_chosen,
          hellmonk_ecumenical_altar_slurped_away, minmay_misc_feat_four_crosses,
          nicolae_kite_square_tiling_tiny
D:4:      layout_basic, bloody_trog, serial_shops, nicolae_shop_mannequins,
          uniq_ijyb, uniq_sigmund
D:5:      layout_rooms, good_gods_mini_temple, grunt_gozag_statues
D:6:      layout_rooms, cheibriados_altar_1, minmay_temple_entry_trees,
          uniq_crazy_yiuf_cottage, uniq_duvessa, uniq_maggie
D:7:      layout_basic, jmf_multi_god_temple, enter_ossuary_3,
          small_statue_intersection, kennysheep_generic_room_2
D:8:      layout_loops_ring, nicolae_overflow_hidden_temple, enter_bailey_7,
          serial_shops, nicolae_square_shop
D:9:      layout_irregular_city, fedhas_altar_4, nicolae_overflow_crystal_walls,
          serial_co_window_serial, co_window_paths_b, co_window_paths_b,
          co_window_corner_a, co_window_of_opportunity_a, co_window_paths_a,
          co_window_2corner, co_window_broadway_b, co_window_of_opportunity_c,
          co_window_paths_d, kennysheep_generic_room_12
D:10:     layout_cave_pools, nicolae_titane, uniq_urug
D:11:     minmay_chambers_of_sevens, layout_loops_ring, david_lair_generic,
          orc_0_dummy, nicolae_trove_entry_diagonal, minmay_alternating_orb
Temple:   hellmonk_temple_flake
Orc:1:    layout_diamond_mine

Skill      XL: |  1  2  3  4  5  6  7  8  9 10 11 |
---------------+----------------------------------+-----
Shields        | 3 4 5 6 7 9 |  9.3
Unarmed Combat | 3 4 5 7 8 10 11 13 | 13.7
Fighting       | 3 4 5 6 7 8 |  8.5
Dodging        | 3 5 6 |  6.8

Action                     |  1- 3 |  4- 6 |  7- 9 | 10-12 || total
---------------------------+-------+-------+-------+-------++-------
  Melee: Unarmed           |    87 |   133 |   341 |   564 ||  1125
  Throw: Dart              |       |       |       |     2 ||     2
Ability: Lunge             |       |       |    16 |    31 ||    47
         Wall Jump         |       |       |     1 |     5 ||     6
         Whirlwind         |       |       |       |    10 ||    10
  Evoke: Wand              |       |       |     3 |     4 ||     7
    Use: Scroll            |       |     4 |     6 |     6 ||    16
         Potion            |       |       |     2 |     2 ||     4
   Stab: Sleeping          |       |       |       |     1 ||     1
 Armour: Robe              |    36 |    25 |    15 |       ||    76
         Steam dragon scal |       |       |    67 |   167 ||   234
  Dodge: Dodged            |    31 |    46 |    71 |   199 ||   347
         Repelled          |       |       |       |     1 ||     1
  Block: Kite shield       |    44 |    44 |    93 |   262 ||   443

Table legend: (Time is in decaauts)
 A = Elapsed time spent in this place.
 B = Non-inter-level travel time spent in this place.
 C = Inter-level travel time spent in this place.
 D = Time resting spent in this place.
 E = Time spent auto-exploring this place.
 F = Levels seen in this place.
 G = Mean time per level.
                   A        B        C        D        E       F      G
               +--------+--------+--------+--------+--------+-----+--------+
         Total |   9818 |   9180 |    638 |    580 |   6253 |  15 |  654.5 |
       Dungeon |   8860 |   8253 |    607 |    577 |   5650 |  11 |  805.5 |
        Temple |    190 |    160 |     30 |      0 |    147 |   1 |  190.0 |
  Orcish Mines |     68 |     68 |      0 |      3 |     48 |   1 |   68.0 |
       Ossuary |    228 |    228 |      0 |      0 |    117 |   1 |  228.0 |
        Bailey |    471 |    471 |      0 |      0 |    291 |   1 |  471.0 |
               +--------+--------+--------+--------+--------+-----+--------+

Top non-repeatable levels by time:
    D:11: 1564 daAuts
     D:9: 1206 daAuts
     D:8: 843 daAuts
     D:2: 785 daAuts
     D:6: 729 daAuts
     D:3: 705 daAuts
     D:1: 660 daAuts
     D:4: 614 daAuts
     D:7: 610 daAuts
    D:10: 576 daAuts
     D:5: 563 daAuts
  Bailey: 471 daAuts
 Ossuary: 228 daAuts
  Temple: 190 daAuts
   Orc:1: 68 daAuts
